 Dungeon Crawl Stone Soup version 0.17-a0-1210-g1e4f09d (webtiles) character file.

667 SWAGNEMITE the Covered (level 7, -5/61 HPs)
             Began as a Minotaur Fighter on June 3, 2015.
             Was an Initiate of Qazlal.
             Killed from afar by Pikel (11 damage)
             ... with a wand of draining
             ... on level 5 of the Dungeon.
             The game lasted 00:09:12 (3577 turns).

SWAGNEMITE the Covered (Minotaur Fighter)           Turns: 3577, Time: 00:09:13

Health: -5/61      AC:  7    Str: 23    XL:     7   Next: 31%
Magic:  6/6        EV:  7    Int:  5    God:    Qazlal [......]
Gold:   276        SH:  8    Dex:  9    Spells: 0 memorised, 6 levels left

rFire  . . .     SeeInvis +     a - +0 war axe
rCold  . . .     Clarity  .     b - +0 scale mail
rNeg   . . .     SustAt   .     c - +0 shield
rPois  .         Gourm    .     (helmet restricted)
rElec  .         Spirit   .     (no cloak)
rCorr  .         Warding  .     (no gloves)
rMut   .         Stasis   .     (no boots)
MR     .....                    (no amulet)
Stlth  ..........               (no ring)
                                f - ring of see invisible {sInv, !d}

@: starving, heavily drained, not resistant to hostile enchantments, extremely
unstealthy
A: retaliatory headbutt, horns 2
a: Renounce Religion


You were on level 5 of the Dungeon.
You worshipped Qazlal.
Qazlal was noncommittal.
You were starving.

You visited 2 branches of the dungeon, and saw 6 of its levels.

You collected 276 gold pieces.

Inventory:

Hand weapons
 a - a +0 war axe (weapon)
Armour
 b - a +0 scale mail (worn)
 c - a +0 shield (worn)
Jewellery
 f - a ring of see invisible (left hand) {sInv, !d}
   (You found it on level 5 of the Dungeon)
Magical devices
 d - a wand of heal wounds (1)
   (You found it on level 4 of the Dungeon)
 n - a wand of teleportation (1)
   (You took it off Crazy Yiuf on level 2 of the Dungeon)
Scrolls
 g - 3 scrolls of remove curse
 i - a scroll of random uselessness {unknown}
 j - a scroll of vulnerability {unknown}
 k - a scroll of magic mapping {!r}
 l - a scroll of fog {unknown}
 m - 3 scrolls of recharging {unknown}
 p - 4 scrolls of teleportation
 s - a scroll of fear {unknown}
Potions
 h - a potion of curing
 o - a potion of mutation {!q}
 r - a potion of lignification {!q}
 t - a potion of heal wounds {unknown}
Comestibles
 e - 3 bread rations {@e1}
 q - 2 meat rations {@e2}


   Skills:
 + Level 5.2(2.7) Fighting
 * Level 5.7(3.2) Axes
 * Level 7.0(4.4) Armour
 + Level 2.9(0.6) Dodging
 - Level 3.6(1.2) Shields


You had 6 spell levels left.
You didn't know any spells.

Dungeon Overview and Level Annotations

Branches:
Dungeon (5/15)             Temple (1/1) D:5

Altars:
Ashenzari
Cheibriados
Dithmenos
Elyvilon
Fedhas
Gozag
Kikubaaqudgha
Makhleb
Nemelex Xobeh
Okawaru
Qazlal
Ru
Sif Muna
Trog
Vehumet
Yredelemnul
Zin
The Shining One

Shops:
D:5 (

Annotations:
D:4 asdu's ghost, great VSBe
D:5 Pikel


Innate Abilities, Weirdness & Mutations

You reflexively headbutt those who attack you in melee.
You have a pair of horns on your head.


Message History

Found a burning altar of Makhleb.
There is a stormy altar of Qazlal here.
You can't go down here!
You kneel at the altar of Qazlal.
Found a blossoming altar of Fedhas.
There is a staircase back to the Dungeon here.
You climb upwards.
Welcome back to the Dungeon!
You block the jelly's attack.
There is a staircase to the Ecumenical Temple here.
You slash the jelly!
Your hands burn!
Your headbutt misses the jelly. You hit the bush but do no damage. x3
You hit the bush. The jelly barely misses you. You furiously retaliate!
You headbutt the jelly, but do no damage.
You take 2 damage, and have 59/61 hp.
You hit the jelly.
Your hands burn!
You hit the bush but do no damage. You hit the bush but do no damage. x2
You hit the bush. The jelly barely misses you.
The jelly hits you but does no damage.
You take 1 damage, and have 58/61 hp.
You hit the jelly.
Your hands burn!
You headbutt the jelly. You hit the bush but do no damage. x4
You block the jelly's attack.
You take 4 damage, and have 54/61 hp.
You hit the jelly.
Your hands burn!
You hit the bush. You hit the bush but do no damage. You hit the bush.
You hit the bush. The jelly hits you but does no damage.
You take 4 damage, and have 50/61 hp.
You slash the jelly!
You kill the jelly!
Your Armour skill increases to level 7!
You hit the bush but do no damage. x2
You hit the bush. You hit the bush but do no damage.
No target in view!
You climb downwards.
Welcome to the Ecumenical Temple!
There is a staircase back to the Dungeon here.
Found a sacrificial altar of Ru.
Found a white marble altar of Elyvilon and a sparkling altar of Nemelex Xobeh.
There is a fountain of clear blue water here.
Found a deep blue altar of Sif Muna and an opulent altar of Gozag.
You regained 2 hp, and now have 52/61 hp.
Done exploring.
You regained 6 hp, and now have 58/61 hp.
There is a stormy altar of Qazlal here.
You kneel at the altar of Qazlal.
Qazlal welcomes you!
Qazlal will now protect you from your own clouds.
There is a staircase back to the Dungeon here.
Health restored: 61 You climb upwards.
Welcome back to the Dungeon!
There is a staircase to the Ecumenical Temple here.
m - 3 scrolls labeled CUGHUE YKELINT A hobgoblin comes into view.
It is wielding a club.
The hobgoblin shouts!
The hobgoblin moves out of view.
A slave comes into view.
Pikel the Slaver comes into view.
He is wielding a whip of flaming.
Drink which item? (? for menu, Esc to quit)
Okay, then.
Pikel shouts!
You hit the hobgoblin.
You kill the hobgoblin!
Qazlal accepts your kill.
A slave comes into view.
The slave shouts!
You slash the slave! The slave hits you.
You take 3 damage, and have 58/61 hp.
You closely miss the slave. The slave hits you. The slave hits you.
A slave comes into view.
You take 4 damage, and have 54/61 hp.
The slave shouts!
A slave comes into view.
You are starving!
Drink which item? (? for menu, Esc to quit)
Okay, then.
Eat which item? (? for menu, Esc to quit)
Okay, then.
Pikel zaps a wand.
The bolt of negative energy hits you!
You feel drained.
It is a wand of draining.
You take 12 damage, and have 43/61 hp.
Pikel zaps a wand.
The bolt of negative energy hits you!
You feel drained.
You take 16 damage, and have 27/61 hp.
MASSIVE DAMAGE!!
Pikel zaps a wand.
The bolt of negative energy hits you!
You feel drained.
* * * LOW HITPOINT WARNING * * *
You take 16 damage, and have 11/61 hp.
MASSIVE DAMAGE!!
Pikel zaps a wand.
The bolt of negative energy hits you!
You feel drained.
* * * LOW HITPOINT WARNING * * *
You take 6 damage, and have 5/61 hp.
Pikel zaps a wand.
The bolt of negative energy hits you!
You feel drained.
You die...

## ######## ##.# #......#
##...###############.####.#
##.!...#p.pK..........# #.#
#......)p###.#.#.####.# ##.##
##.....#####>.........###.#.##
............p....####.##.###.##
###...###..<......#.....## ##.# #
##.# #.......@......#.###.## #
#.. #.........#.#..##.#...### #.#
#..#..>.<...#..###..#..##
###.#####..#....#####..###.###...
.........................#.>#..##
.#...#.##.#......####..#.##...###
..###..##.#..###.# #<.#.........
.## ##....#..###.####..######.###
.# #....[....#....^.........#


You could see Pikel and 2 slaves.

Vanquished Creatures
  Sigmund (D:5)
  2 jellies (D:5)
  Crazy Yiuf (D:2)
  An iguana (D:5)
  Ijyb (D:3)
  3 hounds (D:5)
  Jessica (D:3)
  A giant frog skeleton (D:5)
  A worker ant (D:5)
  Robin (D:2)
  8 gnolls
  2 adders
  2 oozes (D:1)
  2 giant geckos
  An orc (D:5)
  A bat skeleton (D:4)
  4 giant cockroaches
  22 goblins
  13 hobgoblins
  9 bats
  3 giant newts
  11 kobolds
  8 rats
99 creatures vanquished.

Notes
Turn   | Place    | Note
--------------------------------------------------------------
     0 | D:1      | SWAGNEMITE the Minotaur Fighter began the quest for the Orb.
     0 | D:1      | Reached XP level 1. HP: 19/19 MP: 0/0
    76 | D:1      | Reached XP level 2. HP: 24/27 MP: 1/1
   100 | D:1      | Reached skill level 4 in Armour
   229 | D:1      | Reached skill level 4 in Fighting
   414 | D:1      | Reached XP level 3. HP: 33/33 MP: 2/2
   573 | D:2      | Noticed Robin
   578 | D:2      | Reached skill level 3 in Axes
   581 | D:2      | Killed Robin
   705 | D:2      | Noticed Crazy Yiuf
   712 | D:2      | HP: 7/33 [Crazy Yiuf/quarterstaff of chaos (5)]
   716 | D:2      | Killed Crazy Yiuf
   716 | D:2      | Reached skill level 1 in Dodging
   716 | D:2      | Reached XP level 4. HP: 7/40 MP: 3/3
   993 | D:2      | Reached skill level 5 in Armour
  1315 | D:2      | Reached XP level 5. HP: 41/46 MP: 4/4
  1793 | D:3      | Noticed Jessica
  1795 | D:3      | Killed Jessica
  1795 | D:3      | Reached skill level 4 in Axes
  1987 | D:3      | Noticed Ijyb
  1995 | D:3      | Killed Ijyb
  2088 | D:3      | Found a sparkling altar of Nemelex Xobeh.
  2123 | D:3      | Reached skill level 2 in Dodging
  2708 | D:4      | Reached XP level 6. HP: 53/53 MP: 5/5
  2716 | D:4      | Noticed asdu's ghost (great VSBe)
  2772 | D:5      | Entered Level 5 of the Dungeon
  2804 | D:5      | Reached skill level 6 in Armour
  2903 | D:5      | Found an iron altar of Okawaru.
  2946 | D:5      | Found Orioneddo's Weapon Boutique.
  2988 | D:5      | Reached skill level 5 in Axes
  3056 | D:5      | Reached skill level 5 in Fighting
  3286 | D:5      | Noticed Sigmund
  3291 | D:5      | Killed Sigmund
  3291 | D:5      | Reached XP level 7. HP: 61/61 MP: 6/6
  3368 | D:5      | Found a staircase to the Ecumenical Temple.
  3382 | Temple   | Entered the Ecumenical Temple
  3446 | D:5      | Reached skill level 7 in Armour
  3498 | Temple   | Became a worshipper of Qazlal Stormbringer
  3561 | D:5      | Noticed Pikel
  3575 | D:5      | HP: 11/61 [Pikel/wand of draining (16)]
  3576 | D:5      | HP: 5/61 [Pikel/wand of draining (6)]
  3577 | D:5      | Killed from afar by Pikel

Vault maps used:
D:1:      wheals_arrival_shading, nrook_mini_backslash, minmay_misc_feat_tiny,
          minmay_hedge_maze, serial_park_tiny_2
D:2:      first_bread, uniq_crazy_yiuf_cottage, uniq_robin
D:3:      lemuel_upstairs_altar, nemelex_diamond_rough_becter, uniq_iyjb,
          uniq_jessica
D:4:      serial_glass, glass_columns_b, glass_columns_b, glass_columns_a,
          glass_columns_b, glass_columns_b, glass_columns_c, glass_columns_c,
          glass_columns_c, glass_columns_b, glass_columns_b, st_stairs_13,
          uniq_eustachio
D:5:      minmay_temple_entry_trees, serial_shops, shop_statue,
          okawaru_ov_weapons_minmay, uniq_sigmund, uniq_pikel
Temple:   grunt_circular_temple_18

Action                   |  1- 3 |  4- 6 |  7- 9 || total
-------------------------+-------+-------+-------++-------
Melee: War axe           |    92 |   136 |    12 ||   240
  Use: Scroll            |       |     6 |       ||     6
       Potion            |       |     5 |       ||     5
 Stab: Invisible         |     1 |       |       ||     1
  Eat: Chunk             |       |     4 |       ||     4
       Pizza             |       |     2 |       ||     2

Vault maps used:
D:1:      wheals_arrival_shading, nrook_mini_backslash, minmay_misc_feat_tiny,
          minmay_hedge_maze, serial_park_tiny_2
D:2:      first_bread, uniq_crazy_yiuf_cottage, uniq_robin
D:3:      lemuel_upstairs_altar, nemelex_diamond_rough_becter, uniq_iyjb,
          uniq_jessica
D:4:      serial_glass, glass_columns_b, glass_columns_b, glass_columns_a,
          glass_columns_b, glass_columns_b, glass_columns_c, glass_columns_c,
          glass_columns_c, glass_columns_b, glass_columns_b, st_stairs_13,
          uniq_eustachio
D:5:      minmay_temple_entry_trees, serial_shops, shop_statue,
          okawaru_ov_weapons_minmay, uniq_sigmund, uniq_pikel
Temple:   grunt_circular_temple_18

Table legend:
 A = Turns spent in this place as a percentage of turns spent in the entire game.
 B = Non-inter-level travel turns spent in this place as a percentage of non-inter-level travel turns spent in the entire game.
 C = Inter-level travel turns spent in this place as a percentage of turns spent in this place.
 D = Turns resting spent in this place as a percentage of non-inter-level travel turns spent in this place.
 E = Turns spent auto-exploring this place as a percentage of non-inter-level travel turns spent in this place.
 F = Non-inter-level travel turns spent in this place divided by the number of levels of this place that you've seen.
                   A       B       C       D       E      F
               +-------+-------+-------+-------+-------+----------------------
         Total | 100.0 | 100.0 |   0.6 |   1.8 |  15.2 | 159.0
       Dungeon |  96.0 |  96.3 |   0.3 |   1.8 |  14.5 | 183.8
        Temple |   4.0 |   3.7 |   7.9 |   0.0 |  34.3 |  35.0
               +-------+-------+-------+-------+-------+----------------------

Table legend:
 A = Kills in this place as a percentage of kills in entire the game.
 B = Kills by you in this place as a percentage of kills by you in the entire game.
 C = Kills by friends in this place as a percentage of kills by friends in the entire game.
 D = Other kills in this place as a percentage of other kills in the entire game.
 E = Experience gained in this place as a percentage of experience gained in the entire game.
 F = Experience gained in this place divided by the number of levels of this place that you have seen.
                   A       B       C       D       E      F
               +-------+-------+-------+-------+-------+----------------------
         Total | 100.0 | 100.0 |  -nan |  -nan | 100.0 | 158.8
       Dungeon | 100.0 | 100.0 |  -nan |  -nan | 100.0 | 190.6
               +-------+-------+-------+-------+-------+----------------------
